 Dungeon Crawl Stone Soup version 0.18.1-50-g88ac8fd (webtiles) character file.

746 steamhare the Conjurer (level 8, -4/54 HPs)
             Began as a Human Conjurer on Apr 30, 2017.
             Was a Follower of Qazlal.
             Slain by an ogre
             ... wielding a +0 giant spiked club
              (13 damage)
             ... on level 6 of the Dungeon.
             The game lasted 01:19:24 (3341 turns).

steamhare the Conjurer (Human Conjurer)             Turns: 3341, Time: 01:19:25

Health: -4/54      AC: 10    Str: 14    XL:     8   Next: 5%
Magic:  1/14       EV: 13    Int: 17    God:    Qazlal [*.....]
Gold:   157        SH:  1    Dex: 14    Spells: 4 memorised, 5 levels left

rFire  + . .     SeeInvis .     B - +6 hunting sling "Xear" {freeze, rF+}
rCold  . . .     Gourm    .     a - +1 robe
rNeg   . . .     Faith    .     (no shield)
rPois  .         Spirit   .     n - +0 helmet
rElec  .         Dismiss  .     G - +0 cloak
rCorr  .         Reflect  .     t - +2 pair of gloves
SustAt .         Harm     .     p - +1 pair of boots
MR     .....                    d - amulet of regeneration
Stlth  +.........               h - +5 ring of strength
                                r - ring of wizardry

@: heavily drained, not resistant to hostile enchantments, very unstealthy
A: no striking features
a: Renounce Religion


You were on level 6 of the Dungeon.
You worshipped Qazlal.
Qazlal was aware of your devotion.
You were not hungry.

You visited 1 branch of the dungeon, and saw 5 of its levels.

You collected 157 gold pieces.

Inventory:

Hand Weapons
 e - a +4 dagger
 y - a +2 trident of protection
 B - the +6 hunting sling "Xear" (weapon) {freeze, rF+}
   (You found it on level 4 of the Dungeon)

   It causes projectiles fired from it to freeze those they strike, causing
   extra injury to most foes and up to half again as much damage against
   particularly susceptible opponents.
   They can also slow down cold-blooded creatures.
   It protects you from fire.
 E - a +1 flail of draining
Missiles
 o - 122 arrows
 v - 22 sling bullets (quivered)
Armour
 a - a +1 robe (worn)
 n - a +0 helmet (worn)
 p - a +1 pair of boots (worn)
 t - a +2 pair of gloves (worn)
 G - a +0 cloak (worn)
Jewellery
 d - an amulet of regeneration (around neck)
 h - a +5 ring of strength (right hand)
 r - a ring of wizardry (left hand)
Scrolls
 g - 2 scrolls of immolation {unknown}
 j - 3 scrolls of remove curse
 k - 2 scrolls of fog {unknown}
 q - 3 scrolls of fear {unknown}
 s - a scroll of recharging {unknown}
 u - 2 scrolls of magic mapping {unknown}
Potions
 i - a potion of haste
 l - a potion of lignification {unknown}
 x - a potion of berserk rage {unknown}
 z - a potion of cancellation {unknown}
 A - a potion of degeneration {unknown}
 C - a potion of brilliance {unknown}
 D - 2 potions of curing
Books
 b - a book of Conjurations

   Spells                             Type                      Level
   a - Magic Dart                     Conjuration                  1
   b - Searing Ray                    Conjuration                  2
   c - Dazzling Spray                 Conjuration/Hexes            3
   d - Fulminant Prism                Conjuration/Hexes            4
   e - Iskenderun's Mystic Blast      Conjuration                  4
   f - Iskenderun's Battlesphere      Conjuration/Charms           5
Comestibles
 c - a bread ration
 w - a beef jerky


   Skills:
 + Level 1.3(0.0) Fighting
 + Level 1.5(0.0) Polearms
 + Level 1.5(0.0) Slings
 + Level 5.1(3.1) Dodging
 + Level 2.4(0.5) Stealth
 + Level 4.1(2.1) Spellcasting
 + Level 5.8(3.7) Conjurations


You had 5 spell levels left.
You knew the following spells:

 Your Spells              Type           Power        Failure   Level  Hunger
a - Magic Dart            Conj           ##..         1%          1    #......
b - Searing Ray           Conj           ##....       4%          2    ###....
c - Dazzling Spray        Conj/Hex       #.....       12%         3    ###....
d - Iskenderun's Mystic   Conj           ##......     21%         4    #####..


Dungeon Overview and Level Annotations

Branches:
Dungeon (4/15)             Temple (0/1) D:6

Altars:
Qazlal


Message History

You shoot a sling bullet. The orc wizard shouts!
The sling bullet hits the orc warrior.
The sling bullet freezes the orc warrior.
The orc warrior is heavily wounded.
The orc wizard mumbles some strange words.
The orc wizard seems to speed up.
The orc warrior hits you from afar with a trident!
* * * LOW HITPOINT WARNING * * *
The orc priest calls upon Beogh to heal the orc warrior.
The orc warrior is healed somewhat.
Casting: Magic Dart
Confirm with . or Enter, or press ? or * to list all spells.
Aiming: Magic Dart
Press: ? - help, Shift-Dir - straight line, f - ogre, p - orc warrior
Aim: an ogre, wielding a giant spiked club (severely wounded)
The magic dart hits the ogre.
The ogre is almost dead.
The ogre hits you with a giant spiked club!
You die...

#.##... ... #.....#
..### ##.........o.
###....#.#...# ⌠
......#.#.o.# >.8
#....#s.o..# .⌠..
#....#...#.######
8.8..##.....@O........#
....................##
...................<.#
..............)......#
.....................#
.....#...............#
.....#...............#
.... ##.............##
.... ##.....#.....##


You could see an orc warrior, an ogre, a scorpion, an orc priest and an orc
wizard.

Vanquished Creatures
  Grinder (D:4)
  Edmund (D:4)
  An ogre (D:6)
  A crimson imp (D:6)
  A centaur skeleton (D:4)
  3 orc wizards (D:4)
  2 worker ants
  6 adders
  An ooze (D:4)
  A worm (D:3)
  4 dart slugs
  6 giant geckos
  6 orcs
  7 bats
  4 giant cockroaches
  7 goblins
  9 hobgoblins
  4 jackals (D:3)
  2 quokkas
  5 ball pythons
  A giant gecko skeleton (D:6)
  2 giant newts
  3 kobolds
  A quokka skeleton (D:4)
  2 rats (D:1)
81 creatures vanquished.

Notes
Turn   | Place    | Note
--------------------------------------------------------------
     0 | D:1      | steamhare the Human Conjurer began the quest for the Orb.
     0 | D:1      | Reached XP level 1. HP: 13/13 MP: 3/3
   196 | D:1      | Reached XP level 2. HP: 19/19 MP: 1/5
   416 | D:1      | Learned a level 2 spell: Searing Ray
   480 | D:1      | Reached XP level 3. HP: 24/24 MP: 2/6
   865 | D:2      | Reached XP level 4. HP: 26/30 MP: 2/7
  1222 | D:3      | Reached skill level 5 in Conjurations
  1422 | D:3      | Found a stormy altar of Qazlal.
  1435 | D:3      | Became a worshipper of Qazlal Stormbringer
  1597 | D:3      | Reached XP level 5. HP: 34/35 MP: 5/8
  2097 | D:4      | Reached skill level 1 in Slings
  2382 | D:4      | Noticed Grinder
  2386 | D:4      | Noticed Edmund
  2395 | D:4      | Paralysed by Grinder for 7 turns
  2417 | D:4      | Reached XP level 6. HP: 18/42 MP: 0/10
  2420 | D:4      | Killed Grinder
  2420 | D:4      | Reached skill level 1 in Fighting
  2420 | D:4      | Reached skill level 1 in Polearms
  2420 | D:4      | Reached XP level 7. HP: 20/48 MP: 0/12
  2673 | D:4      | Killed Edmund
  2841 | D:4      | Got a jewelled hunting sling
  2845 | D:4      | Identified the +6 hunting sling "Xear" {freeze, rF+} (You found it on level 4 of the Dungeon)
  2945 | D:4      | Learned a level 3 spell: Dazzling Spray
  2963 | D:4      | Learned a level 4 spell: Iskenderun's Mystic Blast
  3065 | D:4      | Reached * piety under Qazlal
  3285 | D:4      | You fall through a shaft for 2 floors!
  3303 | D:6      | Reached skill level 5 in Dodging
  3308 | D:6      | Reached XP level 8. HP: 45/54 MP: 0/14
  3324 | D:6      | Found a staircase to the Ecumenical Temple.
  3341 | D:6      | Slain by an ogre

Skill      XL: |  1  2  3  4  5  6  7 |
---------------+----------------------+-----
Conjurations   | 5 |  5.8
Slings         | 1 |  1.5
Dodging        | 3 4 5 |  5.1
Spellcasting   | 3 4 |  4.1
Fighting       | 1 |  1.3
Polearms       | 1 |  1.5
Stealth        | |  2.4

Action                   |  1- 3 |  4- 6 |  7- 9 || total
-------------------------+-------+-------+-------++-------
Melee: Spear             |    28 |    84 |       ||   112
       Trident           |       |    13 |    19 ||    32
       Hunting sling     |       |       |     4 ||     4
 Fire: Hunting sling     |     2 |     5 |    25 ||    32
 Cast: Magic Dart        |    43 |    86 |    47 ||   176
       Searing Ray       |       |    11 |       ||    11
  Use: Scroll            |     3 |     3 |       ||     6
       Potion            |       |     1 |       ||     1
  Eat: Pizza             |       |     2 |       ||     2
       Bread ration      |       |     1 |       ||     1
       Meat ration       |       |       |     1 ||     1
Armor: Robe              |     2 |    50 |    21 ||    73
Dodge: Dodged            |    16 |   117 |    23 ||   156
Block: Other             |       |       |     2 ||     2
